%YAML 1.1
%TAG !u! tag:unity3d.com,2011:
--- !u!1 &3843196161988015071
GameObject:
  m_ObjectHideFlags: 0
  m_CorrespondingSourceObject: {fileID: 0}
  m_PrefabInstance: {fileID: 0}
  m_PrefabAsset: {fileID: 0}
  serializedVersion: 6
  m_Component:
  - component: {fileID: 3843196161988015070}
  m_Layer: 6
  m_Name: platform 1x2 ready
  m_TagString: Untagged
  m_Icon: {fileID: 0}
  m_NavMeshLayer: 0
  m_StaticEditorFlags: 0
  m_IsActive: 1
--- !u!4 &3843196161988015070
Transform:
  m_ObjectHideFlags: 0
  m_CorrespondingSourceObject: {fileID: 0}
  m_PrefabInstance: {fileID: 0}
  m_PrefabAsset: {fileID: 0}
  m_GameObject: {fileID: 3843196161988015071}
  m_LocalRotation: {x: 0, y: 0, z: 0, w: 1}
  m_LocalPosition: {x: -53.37966, y: 0, z: 37.793293}
  m_LocalScale: {x: 1, y: 1, z: 1}
  m_ConstrainProportionsScale: 0
  m_Children:
  - {fileID: 3665789296534392478}
  - {fileID: 3665789296711897020}
  m_Father: {fileID: 0}
  m_RootOrder: 0
  m_LocalEulerAnglesHint: {x: 0, y: 0, z: 0}
--- !u!1001 &3843196161851418711
PrefabInstance:
  m_ObjectHideFlags: 0
  serializedVersion: 2
  m_Modification:
    m_TransformParent: {fileID: 3843196161988015070}
    m_Modifications:
    - target: {fileID: -8679921383154817045, guid: f1f6c5f48c3943e49bb8437fb69cc8ab,
        type: 3}
      propertyPath: m_RootOrder
      value: 1
      objectReference: {fileID: 0}
    - target: {fileID: -8679921383154817045, guid: f1f6c5f48c3943e49bb8437fb69cc8ab,
        type: 3}
      propertyPath: m_LocalPosition.x
      value: 0
      objectReference: {fileID: 0}
    - target: {fileID: -8679921383154817045, guid: f1f6c5f48c3943e49bb8437fb69cc8ab,
        type: 3}
      propertyPath: m_LocalPosition.y
      value: 0
      objectReference: {fileID: 0}
    - target: {fileID: -8679921383154817045, guid: f1f6c5f48c3943e49bb8437fb69cc8ab,
        type: 3}
      propertyPath: m_LocalPosition.z
      value: 0
      objectReference: {fileID: 0}
    - target: {fileID: -8679921383154817045, guid: f1f6c5f48c3943e49bb8437fb69cc8ab,
        type: 3}
      propertyPath: m_LocalRotation.w
      value: 1
      objectReference: {fileID: 0}
    - target: {fileID: -8679921383154817045, guid: f1f6c5f48c3943e49bb8437fb69cc8ab,
        type: 3}
      propertyPath: m_LocalRotation.x
      value: -0
      objectReference: {fileID: 0}
    - target: {fileID: -8679921383154817045, guid: f1f6c5f48c3943e49bb8437fb69cc8ab,
        type: 3}
      propertyPath: m_LocalRotation.y
      value: -0
      objectReference: {fileID: 0}
    - target: {fileID: -8679921383154817045, guid: f1f6c5f48c3943e49bb8437fb69cc8ab,
        type: 3}
      propertyPath: m_LocalRotation.z
      value: -0
      objectReference: {fileID: 0}
    - target: {fileID: -8679921383154817045, guid: f1f6c5f48c3943e49bb8437fb69cc8ab,
        type: 3}
      propertyPath: m_LocalEulerAnglesHint.x
      value: 0
      objectReference: {fileID: 0}
    - target: {fileID: -8679921383154817045, guid: f1f6c5f48c3943e49bb8437fb69cc8ab,
        type: 3}
      propertyPath: m_LocalEulerAnglesHint.y
      value: 0
      objectReference: {fileID: 0}
    - target: {fileID: -8679921383154817045, guid: f1f6c5f48c3943e49bb8437fb69cc8ab,
        type: 3}
      propertyPath: m_LocalEulerAnglesHint.z
      value: 0
      objectReference: {fileID: 0}
    - target: {fileID: -3130569208870782070, guid: f1f6c5f48c3943e49bb8437fb69cc8ab,
        type: 3}
      propertyPath: m_Layer
      value: 7
      objectReference: {fileID: 0}
    - target: {fileID: -1201329359792002775, guid: f1f6c5f48c3943e49bb8437fb69cc8ab,
        type: 3}
      propertyPath: m_Layer
      value: 7
      objectReference: {fileID: 0}
    - target: {fileID: 74386917256040753, guid: f1f6c5f48c3943e49bb8437fb69cc8ab,
        type: 3}
      propertyPath: m_Layer
      value: 7
      objectReference: {fileID: 0}
    - target: {fileID: 919132149155446097, guid: f1f6c5f48c3943e49bb8437fb69cc8ab,
        type: 3}
      propertyPath: m_Name
      value: platform 1x2 destroyed
      objectReference: {fileID: 0}
    - target: {fileID: 919132149155446097, guid: f1f6c5f48c3943e49bb8437fb69cc8ab,
        type: 3}
      propertyPath: m_Layer
      value: 7
      objectReference: {fileID: 0}
    - target: {fileID: 919132149155446097, guid: f1f6c5f48c3943e49bb8437fb69cc8ab,
        type: 3}
      propertyPath: m_IsActive
      value: 0
      objectReference: {fileID: 0}
    - target: {fileID: 4252404143608362109, guid: f1f6c5f48c3943e49bb8437fb69cc8ab,
        type: 3}
      propertyPath: m_Layer
      value: 7
      objectReference: {fileID: 0}
    - target: {fileID: 5195097116603441266, guid: f1f6c5f48c3943e49bb8437fb69cc8ab,
        type: 3}
      propertyPath: m_Layer
      value: 7
      objectReference: {fileID: 0}
    m_RemovedComponents: []
  m_SourcePrefab: {fileID: 100100000, guid: f1f6c5f48c3943e49bb8437fb69cc8ab, type: 3}
--- !u!1 &1033107197877328938 stripped
GameObject:
  m_CorrespondingSourceObject: {fileID: 4252404143608362109, guid: f1f6c5f48c3943e49bb8437fb69cc8ab,
    type: 3}
  m_PrefabInstance: {fileID: 3843196161851418711}
  m_PrefabAsset: {fileID: 0}
--- !u!54 &3738470796960566094
Rigidbody:
  m_ObjectHideFlags: 0
  m_CorrespondingSourceObject: {fileID: 0}
  m_PrefabInstance: {fileID: 0}
  m_PrefabAsset: {fileID: 0}
  m_GameObject: {fileID: 1033107197877328938}
  serializedVersion: 2
  m_Mass: 1
  m_Drag: 0
  m_AngularDrag: 0.05
  m_UseGravity: 1
  m_IsKinematic: 0
  m_Interpolate: 0
  m_Constraints: 0
  m_CollisionDetection: 0
--- !u!65 &8316847107452683359
BoxCollider:
  m_ObjectHideFlags: 0
  m_CorrespondingSourceObject: {fileID: 0}
  m_PrefabInstance: {fileID: 0}
  m_PrefabAsset: {fileID: 0}
  m_GameObject: {fileID: 1033107197877328938}
  m_Material: {fileID: 0}
  m_IsTrigger: 0
  m_Enabled: 1
  serializedVersion: 2
  m_Size: {x: 2.4862545, y: 0.24045461, z: 0.91956437}
  m_Center: {x: -0.18541968, y: -0.00000008568168, z: -0.0337054}
--- !u!114 &907237692699346680
MonoBehaviour:
  m_ObjectHideFlags: 0
  m_CorrespondingSourceObject: {fileID: 0}
  m_PrefabInstance: {fileID: 0}
  m_PrefabAsset: {fileID: 0}
  m_GameObject: {fileID: 1033107197877328938}
  m_Enabled: 1
  m_EditorHideFlags: 0
  m_Script: {fileID: 11500000, guid: c5ff0eb8410e400d8f069da1c3a35d6f, type: 3}
  m_Name: 
  m_EditorClassIdentifier: 
--- !u!4 &3665789296711897020 stripped
Transform:
  m_CorrespondingSourceObject: {fileID: -8679921383154817045, guid: f1f6c5f48c3943e49bb8437fb69cc8ab,
    type: 3}
  m_PrefabInstance: {fileID: 3843196161851418711}
  m_PrefabAsset: {fileID: 0}
--- !u!1 &3773312859882649958 stripped
GameObject:
  m_CorrespondingSourceObject: {fileID: 74386917256040753, guid: f1f6c5f48c3943e49bb8437fb69cc8ab,
    type: 3}
  m_PrefabInstance: {fileID: 3843196161851418711}
  m_PrefabAsset: {fileID: 0}
--- !u!54 &4541710766683593713
Rigidbody:
  m_ObjectHideFlags: 0
  m_CorrespondingSourceObject: {fileID: 0}
  m_PrefabInstance: {fileID: 0}
  m_PrefabAsset: {fileID: 0}
  m_GameObject: {fileID: 3773312859882649958}
  serializedVersion: 2
  m_Mass: 1
  m_Drag: 0
  m_AngularDrag: 0.05
  m_UseGravity: 1
  m_IsKinematic: 0
  m_Interpolate: 0
  m_Constraints: 0
  m_CollisionDetection: 0
--- !u!65 &4604869270497774461
BoxCollider:
  m_ObjectHideFlags: 0
  m_CorrespondingSourceObject: {fileID: 0}
  m_PrefabInstance: {fileID: 0}
  m_PrefabAsset: {fileID: 0}
  m_GameObject: {fileID: 3773312859882649958}
  m_Material: {fileID: 0}
  m_IsTrigger: 0
  m_Enabled: 1
  serializedVersion: 2
  m_Size: {x: 2.955143, y: 0.24045452, z: 2.2581403}
  m_Center: {x: 0.058146894, y: 0.000000044703484, z: 0.19058886}
--- !u!114 &3858890905696365574
MonoBehaviour:
  m_ObjectHideFlags: 0
  m_CorrespondingSourceObject: {fileID: 0}
  m_PrefabInstance: {fileID: 0}
  m_PrefabAsset: {fileID: 0}
  m_GameObject: {fileID: 3773312859882649958}
  m_Enabled: 1
  m_EditorHideFlags: 0
  m_Script: {fileID: 11500000, guid: c5ff0eb8410e400d8f069da1c3a35d6f, type: 3}
  m_Name: 
  m_EditorClassIdentifier: 
--- !u!1 &6485680184536449406 stripped
GameObject:
  m_CorrespondingSourceObject: {fileID: -1201329359792002775, guid: f1f6c5f48c3943e49bb8437fb69cc8ab,
    type: 3}
  m_PrefabInstance: {fileID: 3843196161851418711}
  m_PrefabAsset: {fileID: 0}
--- !u!54 &6639337170696334112
Rigidbody:
  m_ObjectHideFlags: 0
  m_CorrespondingSourceObject: {fileID: 0}
  m_PrefabInstance: {fileID: 0}
  m_PrefabAsset: {fileID: 0}
  m_GameObject: {fileID: 6485680184536449406}
  serializedVersion: 2
  m_Mass: 1
  m_Drag: 0
  m_AngularDrag: 0.05
  m_UseGravity: 1
  m_IsKinematic: 0
  m_Interpolate: 0
  m_Constraints: 0
  m_CollisionDetection: 0
--- !u!65 &4212023133540852653
BoxCollider:
  m_ObjectHideFlags: 0
  m_CorrespondingSourceObject: {fileID: 0}
  m_PrefabInstance: {fileID: 0}
  m_PrefabAsset: {fileID: 0}
  m_GameObject: {fileID: 6485680184536449406}
  m_Material: {fileID: 0}
  m_IsTrigger: 0
  m_Enabled: 1
  serializedVersion: 2
  m_Size: {x: 2.9808865, y: 0.24045461, z: 2.4542947}
  m_Center: {x: -0.39626086, y: -0.000000055879354, z: 0.20098597}
--- !u!114 &415244461810449104
MonoBehaviour:
  m_ObjectHideFlags: 0
  m_CorrespondingSourceObject: {fileID: 0}
  m_PrefabInstance: {fileID: 0}
  m_PrefabAsset: {fileID: 0}
  m_GameObject: {fileID: 6485680184536449406}
  m_Enabled: 1
  m_EditorHideFlags: 0
  m_Script: {fileID: 11500000, guid: c5ff0eb8410e400d8f069da1c3a35d6f, type: 3}
  m_Name: 
  m_EditorClassIdentifier: 
--- !u!1 &7050452733890352093 stripped
GameObject:
  m_CorrespondingSourceObject: {fileID: -3130569208870782070, guid: f1f6c5f48c3943e49bb8437fb69cc8ab,
    type: 3}
  m_PrefabInstance: {fileID: 3843196161851418711}
  m_PrefabAsset: {fileID: 0}
--- !u!54 &6372761661300633242
Rigidbody:
  m_ObjectHideFlags: 0
  m_CorrespondingSourceObject: {fileID: 0}
  m_PrefabInstance: {fileID: 0}
  m_PrefabAsset: {fileID: 0}
  m_GameObject: {fileID: 7050452733890352093}
  serializedVersion: 2
  m_Mass: 1
  m_Drag: 0
  m_AngularDrag: 0.05
  m_UseGravity: 1
  m_IsKinematic: 0
  m_Interpolate: 0
  m_Constraints: 0
  m_CollisionDetection: 0
--- !u!65 &4688552995332444039
BoxCollider:
  m_ObjectHideFlags: 0
  m_CorrespondingSourceObject: {fileID: 0}
  m_PrefabInstance: {fileID: 0}
  m_PrefabAsset: {fileID: 0}
  m_GameObject: {fileID: 7050452733890352093}
  m_Material: {fileID: 0}
  m_IsTrigger: 0
  m_Enabled: 1
  serializedVersion: 2
  m_Size: {x: 0.44099724, y: 0.24045451, z: 0.88833636}
  m_Center: {x: -0.06728953, y: 0, z: -0.15054408}
--- !u!114 &7604837031661737193
MonoBehaviour:
  m_ObjectHideFlags: 0
  m_CorrespondingSourceObject: {fileID: 0}
  m_PrefabInstance: {fileID: 0}
  m_PrefabAsset: {fileID: 0}
  m_GameObject: {fileID: 7050452733890352093}
  m_Enabled: 1
  m_EditorHideFlags: 0
  m_Script: {fileID: 11500000, guid: c5ff0eb8410e400d8f069da1c3a35d6f, type: 3}
  m_Name: 
  m_EditorClassIdentifier: 
--- !u!1 &9029004501134182437 stripped
GameObject:
  m_CorrespondingSourceObject: {fileID: 5195097116603441266, guid: f1f6c5f48c3943e49bb8437fb69cc8ab,
    type: 3}
  m_PrefabInstance: {fileID: 3843196161851418711}
  m_PrefabAsset: {fileID: 0}
--- !u!54 &5414370845737194522
Rigidbody:
  m_ObjectHideFlags: 0
  m_CorrespondingSourceObject: {fileID: 0}
  m_PrefabInstance: {fileID: 0}
  m_PrefabAsset: {fileID: 0}
  m_GameObject: {fileID: 9029004501134182437}
  serializedVersion: 2
  m_Mass: 1
  m_Drag: 0
  m_AngularDrag: 0.05
  m_UseGravity: 1
  m_IsKinematic: 0
  m_Interpolate: 0
  m_Constraints: 0
  m_CollisionDetection: 0
--- !u!65 &7120080318629352352
BoxCollider:
  m_ObjectHideFlags: 0
  m_CorrespondingSourceObject: {fileID: 0}
  m_PrefabInstance: {fileID: 0}
  m_PrefabAsset: {fileID: 0}
  m_GameObject: {fileID: 9029004501134182437}
  m_Material: {fileID: 0}
  m_IsTrigger: 0
  m_Enabled: 1
  serializedVersion: 2
  m_Size: {x: 2.2105508, y: 0.24045455, z: 1.3944178}
  m_Center: {x: 0.012309551, y: -0.000000029802322, z: -0.18364564}
--- !u!114 &2485678896715494104
MonoBehaviour:
  m_ObjectHideFlags: 0
  m_CorrespondingSourceObject: {fileID: 0}
  m_PrefabInstance: {fileID: 0}
  m_PrefabAsset: {fileID: 0}
  m_GameObject: {fileID: 9029004501134182437}
  m_Enabled: 1
  m_EditorHideFlags: 0
  m_Script: {fileID: 11500000, guid: c5ff0eb8410e400d8f069da1c3a35d6f, type: 3}
  m_Name: 
  m_EditorClassIdentifier: 
--- !u!1001 &3843196162028988789
PrefabInstance:
  m_ObjectHideFlags: 0
  serializedVersion: 2
  m_Modification:
    m_TransformParent: {fileID: 3843196161988015070}
    m_Modifications:
    - target: {fileID: -8679921383154817045, guid: c774873071ca7e941af84417fdfbb685,
        type: 3}
      propertyPath: m_RootOrder
      value: 0
      objectReference: {fileID: 0}
    - target: {fileID: -8679921383154817045, guid: c774873071ca7e941af84417fdfbb685,
        type: 3}
      propertyPath: m_LocalPosition.x
      value: 0
      objectReference: {fileID: 0}
    - target: {fileID: -8679921383154817045, guid: c774873071ca7e941af84417fdfbb685,
        type: 3}
      propertyPath: m_LocalPosition.y
      value: 0
      objectReference: {fileID: 0}
    - target: {fileID: -8679921383154817045, guid: c774873071ca7e941af84417fdfbb685,
        type: 3}
      propertyPath: m_LocalPosition.z
      value: 0
      objectReference: {fileID: 0}
    - target: {fileID: -8679921383154817045, guid: c774873071ca7e941af84417fdfbb685,
        type: 3}
      propertyPath: m_LocalRotation.w
      value: 0.7071068
      objectReference: {fileID: 0}
    - target: {fileID: -8679921383154817045, guid: c774873071ca7e941af84417fdfbb685,
        type: 3}
      propertyPath: m_LocalRotation.x
      value: -0
      objectReference: {fileID: 0}
    - target: {fileID: -8679921383154817045, guid: c774873071ca7e941af84417fdfbb685,
        type: 3}
      propertyPath: m_LocalRotation.y
      value: 0.70710677
      objectReference: {fileID: 0}
    - target: {fileID: -8679921383154817045, guid: c774873071ca7e941af84417fdfbb685,
        type: 3}
      propertyPath: m_LocalRotation.z
      value: -0
      objectReference: {fileID: 0}
    - target: {fileID: -8679921383154817045, guid: c774873071ca7e941af84417fdfbb685,
        type: 3}
      propertyPath: m_LocalEulerAnglesHint.x
      value: 0
      objectReference: {fileID: 0}
    - target: {fileID: -8679921383154817045, guid: c774873071ca7e941af84417fdfbb685,
        type: 3}
      propertyPath: m_LocalEulerAnglesHint.y
      value: 0
      objectReference: {fileID: 0}
    - target: {fileID: -8679921383154817045, guid: c774873071ca7e941af84417fdfbb685,
        type: 3}
      propertyPath: m_LocalEulerAnglesHint.z
      value: 0
      objectReference: {fileID: 0}
    - target: {fileID: 919132149155446097, guid: c774873071ca7e941af84417fdfbb685,
        type: 3}
      propertyPath: m_Name
      value: platform 1x2
      objectReference: {fileID: 0}
    - target: {fileID: 919132149155446097, guid: c774873071ca7e941af84417fdfbb685,
        type: 3}
      propertyPath: m_Layer
      value: 6
      objectReference: {fileID: 0}
    m_RemovedComponents: []
  m_SourcePrefab: {fileID: 100100000, guid: c774873071ca7e941af84417fdfbb685, type: 3}
--- !u!4 &3665789296534392478 stripped
Transform:
  m_CorrespondingSourceObject: {fileID: -8679921383154817045, guid: c774873071ca7e941af84417fdfbb685,
    type: 3}
  m_PrefabInstance: {fileID: 3843196162028988789}
  m_PrefabAsset: {fileID: 0}
--- !u!1 &4149133974774273060 stripped
GameObject:
  m_CorrespondingSourceObject: {fileID: 919132149155446097, guid: c774873071ca7e941af84417fdfbb685,
    type: 3}
  m_PrefabInstance: {fileID: 3843196162028988789}
  m_PrefabAsset: {fileID: 0}
--- !u!54 &680505440
Rigidbody:
  m_ObjectHideFlags: 0
  m_CorrespondingSourceObject: {fileID: 0}
  m_PrefabInstance: {fileID: 0}
  m_PrefabAsset: {fileID: 0}
  m_GameObject: {fileID: 4149133974774273060}
  serializedVersion: 2
  m_Mass: 1
  m_Drag: 0
  m_AngularDrag: 0.05
  m_UseGravity: 1
  m_IsKinematic: 0
  m_Interpolate: 0
  m_Constraints: 122
  m_CollisionDetection: 0
--- !u!65 &680505439
BoxCollider:
  m_ObjectHideFlags: 0
  m_CorrespondingSourceObject: {fileID: 0}
  m_PrefabInstance: {fileID: 0}
  m_PrefabAsset: {fileID: 0}
  m_GameObject: {fileID: 4149133974774273060}
  m_Material: {fileID: 0}
  m_IsTrigger: 0
  m_Enabled: 1
  serializedVersion: 2
  m_Size: {x: 3.1160033, y: 0.24045451, z: 5.117426}
  m_Center: {x: 0, y: 0.120227255, z: 0}
--- !u!114 &680505438
MonoBehaviour:
  m_ObjectHideFlags: 0
  m_CorrespondingSourceObject: {fileID: 0}
  m_PrefabInstance: {fileID: 0}
  m_PrefabAsset: {fileID: 0}
  m_GameObject: {fileID: 4149133974774273060}
  m_Enabled: 1
  m_EditorHideFlags: 0
  m_Script: {fileID: 11500000, guid: 84acdbaca5b6447097feb36c07eef96b, type: 3}
  m_Name: 
  m_EditorClassIdentifier: 
  BuildPartLevel: 0
  HP: 100
  _objectToOff: {fileID: 0}
